 Dungeon Crawl Stone Soup version 0.29.0-11-gd7f09526c8 (webtiles) character file.

Game seed: 7357559399758921527

235 Arum the Trooper (level 5, -3/48 HPs)
             Began as a Minotaur Fighter on Sept 2, 2022.
             Was an Initiate of Okawaru.
             Slain by a fire elemental (12 damage)
             ... created by the fiery vengeance of Ignis
             ... on level 5 of the Dungeon.
             The game lasted 00:04:57 (3294 turns).

Arum the Trooper (Minotaur Fighter)                 Turns: 3294, Time: 00:04:58

Health: -3/48      AC:  9    Str: 20 (23) XL:     5   Next: 76%
Magic:  4/4        EV:  7    Int:  5      God:    Okawaru [......]
Gold:   183        SH:  3    Dex:  5 (9)  Spells: 4/4 levels left

rFire   . . .      SeeInvis .   a - +0 long sword
rCold   . . .      Faith    .   c - +0 buckler
rNeg    . . .      Spirit   .   l - +0 chain mail
rPois   .          Reflect  .   (helmet restricted)
rElec   .          Harm     .   (no cloak)
rCorr   .          Rampage  .   (no gloves)
Will    .....                   (no boots)
Stlth   ..........              (no amulet)
HPRegen 0.16/turn               (no ring)
MPRegen 0.09/turn               (no ring)

@: weak-willed, fire susceptible, very slow
A: horns 2, retaliatory headbutt
a: Renounce Religion


You were on level 5 of the Dungeon.
You worshipped Okawaru.
Okawaru was noncommittal.
You visited 1 branch of the dungeon, and saw 4 of its levels.

You collected 183 gold pieces.

Inventory:

Hand Weapons
 a - a +0 long sword (weapon)
Missiles
 j - 5 javelins (quivered)
Armour
 c - a +0 buckler (worn)
 l - a +0 chain mail (worn)
Jewellery
 q - a ring of resist corrosion
 t - a +4 ring of protection
Scrolls
 i - a scroll of amnesia
 k - a scroll of noise
 m - a scroll of identify
 r - a scroll of enchant armour {unknown}
 s - a scroll of fear {unknown}
Potions
 b - 2 potions of heal wounds {unknown}
 d - a potion of might
 e - a potion of berserk rage
 h - 3 potions of curing {unknown}
 o - a potion of invisibility {unknown}
 p - a potion of lignification {unknown}
 u - a potion of flight {unknown}


   Skills:
 + Level 5.4 Fighting
 + Level 4.6 Long Blades
 + Level 5.3 Armour
 - Level 3.6 Shields


You had 4 spell levels left.
You didn't know any spells.
Your spell library contained the following spells:

 Spells                   Type           Power      Damage    Failure   Level
 Petrify                  Tmut/Erth      0%         N/A       100%        4
 Metabolic Englaciation   Hex/Ice        0%         N/A       100%        5
 Statue Form              Tmut/Erth      0%         N/A       100%        6
 Summon Small Mammal      Summ           Unusable   N/A       N/A         1
 Call Canine Familiar     Summ           Unusable   N/A       N/A         3
 Summon Guardian Golem    Hex/Summ       Unusable   N/A       N/A         3

Dungeon Overview and Level Annotations

Branches:
Dungeon (5/15)
 Temple: D:4-7

Altars:
Cheibriados
Okawaru
Ignis


Innate Abilities, Weirdness & Mutations

You have a pair of horns on your head.
You reflexively headbutt those who attack you in melee.


Message History

You headbutt the scorpion!
You kill the scorpion!
Okawaru accepts your kill.
You feel your strength returning.
You feel your dexterity returning.
You start resting.
You feel sick. x6
You are no longer poisoned.
You start resting. "These will know how to inflict the punishment due to you!" 3 fire elementals come into view.
Unknown command.
A white imp comes into view.
The white imp shouts!
The white imp hits you but does no damage.
The white imp barely misses you.
The white imp hits you but does no damage.
The fire elemental hits you. The fire elemental burns you!
The fire elemental hits you. The fire elemental burns you!
The fire elemental hits you. The fire elemental burns you!
You block the fire elemental's attack.
As you read the scroll labelled JIVITI SEORGHAS, it crumbles to dust.
It is a scroll of amnesia.
You feel forgetful for a moment. The fire elemental hits you.
The fire elemental burns you!
* * * LOW HITPOINT WARNING * * *
As you read the scroll labelled YPOTHR SUENILOCAKAI, it crumbles to dust.
It is a scroll of identify.
k - a scroll of noise You block the fire elemental's attack.
The fire elemental completely misses you.
Blink to where?
Press: ? - help, Dir - move target
As you read the scroll labelled SAOZIF JEAPIRCH, it crumbles to dust.
It was a scroll of blinking.
As you read the scroll labelled AGEEZA RUUKALI, it crumbles to dust.
Magic quickly surges around you.
It was a scroll of vulnerability.
The air fills with toxic fumes!
As you read the scroll labelled HAKHLU VESASME, it crumbles to dust.
It was a scroll of poison.
The fire elemental hits you. The fire elemental burns you!
You die...

####### #@EE☼E#
#####§# #.# #○#
#.# #E# #### #.#
#######E# ...#
#.# ......5.#
##.# #.#
#######°# #.# #.#
#.#######
##.###.##########
#..☼.....


You could see 3 fire elementals.

Vanquished Creatures
  2 scorpions (D:5)
  Terence (D:2)
  2 adders (D:3)
  A worm (D:3)
  3 dart slugs
  An orc (D:3)
  7 ball pythons
  A bat (D:3)
  7 endoplasms
  2 giant cockroaches
  8 goblins
  4 hobgoblins
  7 jackals
  3 quokkas
  3 frilled lizards
  6 kobolds
  6 rats
64 creatures vanquished.

Notes
Turn   | Place    | Note
-------+----------+-------------------------------------------
     0 | D:1      | Arum the Minotaur Fighter began the quest for the Orb.
     0 | D:1      | Reached XP level 1. HP: 19/19 MP: 0/0
   245 | D:1      | Reached XP level 2. HP: 9/27 MP: 1/1
   858 | D:1      | Reached XP level 3. HP: 33/33 MP: 2/2
  1154 | D:1      | Found a faded altar of an unknown god.
  1344 | D:1      | Prayed at the altar of an unknown god.
  1344 | D:1      | Became a worshipper of Ignis, the Dying Flame
  1691 | D:2      | Noticed Terence
  1699 | D:2      | Killed Terence
  1700 | D:2      | Reached XP level 4. HP: 29/41 MP: 3/3
  2589 | D:3      | Found a snail-covered altar of Cheibriados.
  2614 | D:3      | Fell from the grace of Ignis
  2614 | D:3      | Became a worshipper of Cheibriados the Contemplative
  2823 | D:3      | Found an iron altar of Okawaru.
  2853 | D:3      | Fell from the grace of Cheibriados
  2853 | D:3      | Became a worshipper of Warmaster Okawaru
  2900 | D:3      | You fall into a shaft and drop 2 floors!
  2900 | D:5      | Entered Level 5 of the Dungeon
  2902 | D:5      | Noticed a scorpion
  2912 | D:5      | Killed a scorpion
  2913 | D:5      | Reached skill level 5 in Fighting
  2913 | D:5      | Reached skill level 5 in Armour
  2913 | D:5      | Reached XP level 5. HP: 24/48 MP: 4/4
  3281 | D:5      | Noticed a fire elemental
  3281 | D:5      | Noticed a fire elemental
  3281 | D:5      | Noticed a fire elemental
  3294 | D:5      | Slain by a fire elemental

Illustrated notes

Levels and vault maps discovered:
D:1:      heliophobic_arrival_enchanted_forest, layout_basic,
          chequers_ecumenical_altar_grove
D:2:      layout_basic, serial_corexii_hall, corexii_hall_statues_l,
          corexii_hall_statues_l, uniq_terence
D:3:      layout_rooms, cheibrodos_worm_habitat,
          mainiacjoe_overflow_tiny_flanked, minmay_stone_trees_medium,
          minmay_crystal_room
D:5:      layout_loops_ring, elyvilon_altar_4, serial_shops,
          nicolae_lakefront_shop

Skill      XL: |  1  2  3  4 |
---------------+-------------+-----
Fighting       | 4 5 |  5.4
Armour         | 4 5 |  5.3
Long Blades    | 3 4 |  4.6
Shields        | |  3.6

Action                   |  1- 3 |  4- 6 || total
-------------------------+-------+-------++-------
Melee: Long sword        |    83 |    84 ||   167
       Headbutt          |     7 |    11 ||    18
Throw: Javelin           |     6 |       ||     6
  Use: Potion            |       |     1 ||     1
       Scroll            |       |     5 ||     5
Armor: Scale mail        |    38 |       ||    38
       Chain mail        |       |    45 ||    45
Dodge: Dodged            |    45 |    32 ||    77
Block: Buckler           |    23 |    25 ||    48
